 Dungeon Crawl Stone Soup version 0.31.0-12-g77e489cdc1 (webtiles) character file.

Game seed: 15032513720764724385

4063 cdecastro the Mimic (level 10, 0/86 HPs)
             Began as a Grey Draconian Shapeshifter on Feb 26, 2024.
             Was a Follower of Makhleb.
             Slain by a bullfrog (3 damage)
             ... in a bailey.
             The game lasted 00:14:41 (7142 turns).

cdecastro the Mimic (Grey Draconian Shapeshifter)   Turns: 7142, Time: 00:14:41

Health: 0/86       AC: 12    Str: 17    XL:     10   Next: 5%
Magic:  10/10      EV: 12    Int: 10    God:    Makhleb [*.....]
Gold:   329        SH:  0    Dex: 15    Spells: 9/9 levels left

rFire   . .          .
                       - Unarmed
rCold   . . .        (shield currently unavailable)
rNeg    . . .        (body armour unavailable)
rPois   .            (helmet restricted)
rElec   .            (no cloak)
rCorr   +            (gloves currently unavailable)
SInv    .            (no boots)
Will    .....        H - amulet of the acrobat
Stlth   +            d - ring of flight
HPRegen 0.34/turn    I - ring of resist corrosion
MPRegen 0.12/turn

%: acrobat
@: mighty, blade hands, flying
A: AC +12, amphibious, unfitting armour, cold-blooded
a: Begin Untransformation, Renounce Religion


You were in a bailey.
You worshipped Makhleb.
Makhleb was aware of your devotion.
You had blades for hands.
You visited 2 branches of the dungeon, and saw 8 of its levels.
You also visited: Bailey.

You collected 459 gold pieces.
You spent 130 gold pieces at shops.

Inventory:

Jewellery
 d - a ring of flight (left blade hand)
 C - a ring of magical power
 H - an amulet of the acrobat (around neck)
 I - a ring of resist corrosion (right blade hand)
 K - a ring of wizardry
Talismans
 b - a beast talisman
 c - a flux talisman
 g - a serpent talisman
 v - a granite talisman
 J - a blade talisman (active)
Wands
 s - a wand of paralysis (2)
 F - a wand of light (9)
Scrolls
 e - 2 scrolls of blinking {unknown}
 h - 2 scrolls of acquirement {unknown}
 j - a scroll of fog {unknown}
 k - 2 scrolls of amnesia {unknown}
 n - 3 scrolls of immolation
 q - a scroll of noise {unknown}
 r - 4 scrolls of teleportation
 t - 2 scrolls of revelation {unknown}
 u - a scroll of brand weapon {unknown}
 w - a scroll of vulnerability {unknown}
 y - a scroll of poison {unknown}
 z - a scroll of summoning {unknown}
 B - a scroll of fear
 G - 2 scrolls of enchant weapon {unknown}
Potions
 a - 3 potions of lignification
 f - a potion of brilliance {unknown}
 i - 3 potions of might
 l - a potion of mutation {unknown}
 m - 4 potions of cancellation
 o - 2 potions of invisibility
 p - 3 potions of haste {unknown}
 x - 3 potions of attraction {unknown}
 A - 2 potions of curing {unknown}
 D - a potion of berserk rage {unknown}
 E - a potion of ambrosia {unknown}
 L - a potion of heal wounds {unknown}


   Skills:
 - Level 7.0 Fighting
 - Level 1.7 Dodging
 + Level 6.3 Unarmed Combat
 * Level 11.3 Shapeshifting


You had 9 spell levels left.
You didn't know any spells.
Your spell library contained the following spells:

 Spells                   Type           Power      Damage    Failure   Level
 Call Imp                 Summ           0%         N/A       50%         2
 Sublimation of Blood     Necr           0%         N/A       50%         2
 Hailstorm                Conj/Ice       0%         3d5       75%         3
 Summon Ice Beast         Ice/Summ       0%         N/A       75%         3
 Sculpt Simulacrum        Ice/Alch       0%         N/A       100%        6
 Summon Hydra             Summ           0%         N/A       100%        7


Dungeon Overview and Level Annotations

Branches:
Dungeon (7/15)             Temple (1/1) D:6          Bailey (1/1)

Altars:
Ashenzari
Cheibriados
Dithmenos
Elyvilon
Fedhas
Gozag
Hepliaklqana
Kikubaaqudgha
Makhleb
Nemelex Xobeh
Okawaru
Qazlal
Ru
Sif Muna
Trog
Uskayaw
Vehumet
Wu Jian
Xom
Yredelemnul
The Shining One

Shops:
D:4 ?   D:5 =

Annotations:
D:2 Sigmund
D:5 exclusion: door


Innate Abilities, Weirdness & Mutations

You have blades for hands.
You are incapable of wielding weapons or throwing items.
Your dull iron-grey scales are very hard. (AC +12)
You are amphibious.
You cannot fit into any form of body armour.
You are cold-blooded and may be slowed by cold attacks.


Message History

* * * LOW HITPOINT WARNING * * *
You closely miss the vault guard. You tail-slap the vault guard.
The vault guard is almost dead.
The vault guard hits you with a +0 broad axe!
* * * LOW HITPOINT WARNING * * *
You slice the vault guard!!
You kill the vault guard!
Makhleb accepts your kill. The bullfrog barely misses you.
Your Unarmed Combat skill increases to level 6!
Your Shapeshifting skill increases to level 11!
You have reached level 10!
Okay, then.
Unknown command.
Unknown command.
You slash the bullfrog!
The bullfrog is heavily wounded.
The bullfrog misses you.
Unknown command.
You closely miss the bullfrog.
Your tail-slap misses the bullfrog.
The bullfrog is heavily wounded.
The bullfrog closely misses you.
Unknown command.
You barely miss the bullfrog.
The bullfrog is heavily wounded.
The bullfrog misses you.
Unknown command.
You closely miss the bullfrog.
Your tail-slap misses the bullfrog.
The bullfrog is heavily wounded.
The bullfrog hits you!
* * * LOW HITPOINT WARNING * * *
The bullfrog closely misses you.
Unknown command.
You closely miss the bullfrog.
The bullfrog is heavily wounded.
The bullfrog hits you but does no damage.
You closely miss the bullfrog. Your slash misses the bullfrog.
The bullfrog is heavily wounded.
The bullfrog hits you.
You die...

#.....# #.....#
#..∩..#
###.....###
##≈##...##~##
##≈~~##'##~~~##
#≈~~~......~~~#
##≈~~.~.)~~....##
#≈~~~.~~..~~≈≈≈@#
#≈~~~.~...~≈###F#
#≈~~~....~≈##~..#
##≈~~~.~..~≈#~..~#
.#≈~~~...~≈##..~##
.##≈~~~..~≈#?..~
..#≈~≈≈~.~≈#?.~#
..##≈##≈.~≈####
...####≈..~≈#


You could see a bullfrog.

Vanquished Creatures
  2 vault guards (Bailey)
  Prince Ribbit (Bailey)
  4 humans (Bailey)
  2 sky beasts
  An orc warrior (Bailey)
  A centaur (D:6)
  2 kobold brigands (D:5)
  7 bullfrogs
  3 scorpions
  3 wights (D:6)
  A jelly (D:6)
  2 vampire bats (D:4)
  A howler monkey (D:5)
  2 hounds
  2 bombardier beetles
  4 orc priests
  2 iguanas
  4 orc wizards
  Robin (D:2)
  10 adders
  2 gnolls (Bailey)
  2 ufetubi (D:4)
  3 dart slugs
  A ribbon worm (D:2)
  21 orcs
  6 bats
  4 bat skeletons (D:4)
  3 bat zombies (D:4)
  4 endoplasms
  2 giant cockroaches (D:1)
  15 goblins
  11 hobgoblins
  8 jackals
  5 quokkas (D:1)
  4 ball pythons
  10 frilled lizards
  12 kobolds
  5 rats
173 creatures vanquished.

Notes
Turn   | Place    | Note
-------+----------+-------------------------------------------
     0 | D:1      | cdecastro the Draconian Shapeshifter began the quest for
                  | the Orb.
     0 | D:1      | Reached XP level 1. HP: 16/16 MP: 1/1
   165 | D:1      | Reached XP level 2. HP: 23/23 MP: 2/2
   382 | D:1      | Reached XP level 3. HP: 29/29 MP: 3/3
   885 | D:2      | Noticed Sigmund
  1093 | D:2      | Reached skill level 4 in Shapeshifting
  1134 | D:2      | Noticed Robin
  1149 | D:2      | Killed Robin
  1166 | D:2      | Reached XP level 4. HP: 37/37 MP: 4/4
  2235 | D:3      | Reached XP level 5. HP: 44/45 MP: 5/5
  2928 | D:4      | Found an ancient bone altar of Kikubaaqudgha.
  2941 | D:4      | Reached skill level 5 in Shapeshifting
  3047 | D:4      | Found a snail-covered altar of Cheibriados.
  3050 | D:4      | Noticed a sky beast
  3069 | D:4      | Killed a sky beast
  3070 | D:4      | Reached XP level 6. HP: 52/52 MP: 6/6
  3180 | D:4      | Reached skill level 6 in Shapeshifting
  3260 | D:4      | Found Naaprits's Magic Scroll Shop.
  3268 | D:4      | Bought a scroll of fear for 40 gold pieces
  3268 | D:4      | Bought a scroll of identify for 20 gold pieces
  3268 | D:4      | Bought a scroll of teleportation for 30 gold pieces
  3268 | D:4      | Bought a scroll of immolation for 40 gold pieces
  3371 | D:4      | Found a bloodstained altar of Trog.
  3378 | D:4      | Found a sparkling altar of Nemelex Xobeh.
  3378 | D:4      | Found an opulent altar of Gozag.
  3378 | D:4      | Found a burning altar of Makhleb.
  3506 | D:4      | Your scales start taking on a dull iron-grey colour.
  3506 | D:4      | Reached XP level 7. HP: 60/60 MP: 7/7
  3588 | D:4      | Found a shimmering blue altar of Sif Muna.
  4039 | D:4      | Became a worshipper of Makhleb the Destroyer
  4068 | D:5      | Entered Level 5 of the Dungeon
  4283 | D:4      | Reached skill level 5 in Fighting
  4500 | D:5      | Reached skill level 7 in Shapeshifting
  5012 | D:5      | Found Sueph's One-of-a-Kind Rings.
  5212 | D:5      | Reached XP level 8. HP: 67/70 MP: 8/8
  5261 | D:5      | Noticed a slime creature
  5266 | D:5      | Noticed a slime creature
  5525 | D:6      | Reached * piety under Makhleb
  5612 | D:6      | Reached skill level 8 in Shapeshifting
  5927 | D:6      | Found a staircase to the Ecumenical Temple.
  6351 | Temple   | Entered the Ecumenical Temple
  6509 | D:7      | Found a flagged portal.
  6527 | Bailey   | Entered a bailey
  6563 | Bailey   | Reached skill level 9 in Shapeshifting
  6578 | Bailey   | Reached XP level 9. HP: 44/79 MP: 9/9
  6867 | Bailey   | Reached skill level 10 in Shapeshifting
  6908 | Bailey   | Noticed Prince Ribbit
  6908 | Bailey   | Noticed a vault guard
  6931 | Bailey   | Killed a vault guard
  6932 | Bailey   | Reached skill level 5 in Unarmed Combat
  6944 | Bailey   | Killed Prince Ribbit
  7120 | Bailey   | Noticed a vault guard
  7136 | Bailey   | Killed a vault guard
  7137 | Bailey   | Reached skill level 11 in Shapeshifting
  7137 | Bailey   | Reached XP level 10. HP: 9/86 MP: 10/10
  7140 | Bailey   | HP: 3/86 [bullfrog (7)]
  7142 | Bailey   | Slain by a bullfrog

Illustrated notes

Levels and vault maps discovered:
D:1:      lightli_arrival_farm, layout_loops_ring, hangedman_feature_mirror
D:2:      layout_basic, uniq_sigmund, uniq_robin
D:3:      layout_loops_ring, minivault_19, serial_bayou_pond_c
D:4:      layout_loops_ring, old_standard_altar, mainiacjoe_overflow_alcove_1,
          minitemple, kennysheep_vampire_church, serial_shops, shop,
          serial_forest, infiniplex_forest_join, infiniplex_forest_clump_small,
          infiniplex_forest_straight_2, infiniplex_forest_lined_corner,
          infiniplex_forest_corner_2, infiniplex_forest_clump_diagonal,
          infiniplex_forest_straight_4
D:5:      cheibrodos_fertilizer, layout_cave_pools, nicolae_shop_unique_rings
D:6:      layout_loops_cross, temple_doors_e, minivault_22
D:7:      layout_cave_pools, serial_shops, shop, enter_bailey_6, uniq_maggie
Temple:   eino_narrow_crystal_temple
Bailey:   bailey_axe_froggy_fort_hellmonk, bailey

Skill      XL: |  1  2  3  4  5  6  7  8  9 |
---------------+----------------------------+-----
Fighting       | 2 3 4 5 7 |  7.0
Shapeshifting  | 4 5 6 7 9 11 | 11.3
Unarmed Combat | 6 |  6.3
Dodging        | |  1.7

Action                     |  1- 3 |  4- 6 |  7- 9 | 10-12 || total
---------------------------+-------+-------+-------+-------++-------
  Melee: Unarmed           |   136 |   165 |   587 |     6 ||   894
         Tailslap          |    16 |    26 |   107 |       ||   149
         Punch             |     3 |     5 |     8 |       ||    16
  Evoke: Wand              |       |     1 |       |       ||     1
    Use: Scroll            |       |       |     3 |       ||     3
         Potion            |       |       |     2 |       ||     2
   Stab: Sleeping          |     1 |     2 |       |       ||     3
         Paralysed         |       |     6 |       |       ||     6
 Armour: Skin              |    58 |   102 |   267 |     3 ||   430
  Dodge: Dodged            |    83 |   111 |   281 |     4 ||   479
   Form: Serpent           |       |     1 |       |       ||     1
         Beast             |       |     1 |       |       ||     1
         Flux              |       |       |     1 |       ||     1
         Blade             |       |       |     1 |       ||     1
